 Dungeon Crawl Stone Soup version 0.27.1-35-g4d5d836560 (webtiles) character file.

Game seed: 13313847970513345026

30 cbfl8 the Sneak (level 3, -3/33 HPs)
             Began as a Minotaur Delver on Mar 17, 2022.
             Slain by Edmund (7 damage)
             ... on level 4 of the Dungeon.
             The game lasted 00:00:45 (616 turns).

cbfl8 the Sneak (Minotaur Delver)                    Turns: 616, Time: 00:00:45

Health: -3/33      AC:  3    Str: 16    XL:     3   Next: 3%
Magic:  2/2        EV:  9    Int:  7    God:
Gold:   33         SH:  0    Dex: 12    Spells: 2/2 levels left

rFire    . . .     SeeInvis .   a - +0 hand axe
rCold    . . .     Faith    .   (no shield)
rNeg     . . .     Spirit   .   b - +0 leather armour
rPois    .         Reflect  .   (helmet restricted)
rElec    .         Harm     .   (no cloak)
rCorr    .         Rampage  .   (no gloves)
Will     .....                  (no boots)
Stlth    ++........             (no amulet)
HPRegen  0.11/turn              (no ring)
MPRegen  0.08/turn              (no ring)

@: constricted
A: horns 2, retaliatory headbutt
a: no special abilities


You were on level 4 of the Dungeon.
You visited 1 branch of the dungeon, and saw 3 of its levels.

You collected 33 gold pieces.

Inventory:

Hand Weapons
 a - a +0 hand axe (weapon)
Armour
 b - a +0 leather armour (worn)
Wands
 g - a wand of digging (3)
Scrolls
 c - a scroll of fog
 d - a scroll of magic mapping
 e - a scroll of fear
 h - a scroll of summoning {unknown}
 j - a scroll of identify {unknown}
Potions
 f - a potion of haste
 i - a potion of resistance {unknown}


   Skills:
 + Level 3.9 Fighting
 + Level 2.6 Axes
 + Level 2.3 Dodging
 + Level 4.7 Stealth


You had 2 spell levels left.
You didn't know any spells.
Your spell library was empty.

Dungeon Overview and Level Annotations

Branches:
Dungeon (5/15)
 Temple: D:4-7

Altars:

Annotations:
D:4 Edmund


Innate Abilities, Weirdness & Mutations

You have a pair of horns on your head.
You reflexively headbutt those who attack you in melee.


Message History

Found 8 gold pieces.
A gnoll comes into view. It is wielding a +0 flail.
The gnoll shouts!
You hear a shout!
A gnoll comes into view. It is wielding a +0 whip.
A gnoll comes into view. It is wielding a +0 whip.
There is a stone staircase leading down, spattered with blood here.
You climb downwards.
There is a stone staircase leading up here.
Found 12 gold pieces.
Found 12 gold pieces.
You now have 21 gold pieces (gained 12).
A ball python comes into view.
You see here 12 gold pieces.
You now have 33 gold pieces (gained 12).
Edmund the Younger comes into view.
He is wielding a +0 dire flail of holy wrath.
Edmund shouts!
Edmund barely misses you.
You closely miss Edmund. Your headbutt misses Edmund.
Edmund hits you with a +0 dire flail of holy wrath.
You closely miss Edmund.
Edmund hits you with a +0 dire flail of holy wrath!
You closely miss Edmund. Edmund completely misses you.
The ball python hisses angrily.
You hit Edmund. You headbutt Edmund!
Edmund is moderately wounded.
Edmund barely misses you. You furiously retaliate!
You headbutt Edmund. Edmund barely misses you. You furiously retaliate!
You headbutt Edmund! You hit Edmund. Your headbutt misses Edmund.
Edmund is severely wounded.
Edmund hits you with a +0 dire flail of holy wrath!
* * * LOW HITPOINT WARNING * * *
You closely miss Edmund. Your headbutt misses Edmund.
Edmund is severely wounded.
Edmund hits you but does no damage.
You closely miss Edmund. Your headbutt misses Edmund.
Edmund is severely wounded.
You closely miss the ball python. The ball python barely misses you.
The ball python grabs you. The ball python constricts you.
Edmund hits you with a +0 dire flail of holy wrath!
You die...

## ######## ## #.#
#......# .. #.#
#.####.# #. #.## #.#
#.###
#.###.#####.####....
#.@@...........#..##
#...S##.####...#.#..#
......##.##
#...#.#..## ###.#.#.#
........... # ##.#
##........## ##
#..##.##...
#.....##.## ##.# ## #
##+## #


You could see Edmund and a ball python.

Vanquished Creatures
  A bullfrog skeleton (D:5)
  A hobgoblin (D:3)
2 creatures vanquished.

Notes
Turn   | Place    | Note
-------+----------+-------------------------------------------
     0 | D:5      | cbfl8 the Minotaur Delver began the quest for the Orb.
     0 | D:5      | Reached XP level 1. HP: 19/19 MP: 0/0
    49 | D:5      | Reached XP level 2. HP: 4/27 MP: 1/1
    49 | D:5      | Reached XP level 3. HP: 5/33 MP: 2/2
   607 | D:4      | Noticed Edmund
   616 | D:4      | Slain by Edmund

Illustrated notes

Levels and vault maps discovered:
D:3:      layout_basic, ebering_ecumenical_altar_hall, hangedman_feature_mirror
D:4:      layout_loops_corners, serial_shops, shop,
          nicolae_shop_sticking_my_neck_out, uniq_edmund
D:5:      minmay_clustersquares, layout_gridville,
          eat_drink_and_be_merry_uskayaw, minmay_misc_feat_x,
          uniq_prince_ribbit1

Action                   || total
-------------------------++-------
Melee: Hand axe          ||    17
       Headbutt          ||     4
 Stab: Sleeping          ||     1
Armor: Leather armour    ||     2
Dodge: Dodged            ||    10
